 Dungeon Crawl Stone Soup version 0.14-a0-3350-g14ab857 (webtiles) character file.

2200 Sabsy the Covert (level 8, -3/37 HPs)
             Began as a Spriggan Assassin on Mar 18, 2014.
             Was a Follower of Dithmenos.
             Shot with an arrow of frost by a centaur (19 damage)
             ... on Level 7 of the Dungeon.
             The game lasted 00:52:30 (9346 turns).

Sabsy the Covert (Spriggan Assassin)                Turns: 9346, Time: 00:52:30

HP  -3/37        AC  5     Str  7      XL: 8   Next: 96%
MP  16/16        EV 26     Int 13      God: Dithmenos [*.....]
Gold 273         SH  0     Dex 19      Spells:  1 memorised,  5 levels left

rFire  . . .     SeeInvis +     a - +2 dagger
rCold  . . .     Clarity  .     A - +2 robe {Archmagi}
rNeg   . . .     Conserve .     (shield restricted)
rPois  .         rCorr    .     (helmet restricted)
rElec  .         rRot     .     d - +0 cloak
SustAb . .       Spirit   .     (gloves unavailable)
rMut   .         Warding  .     (boots unavailable)
Saprov . . .     Stasis   .     (no amulet)
MR     +....                    (no ring)
                                (no ring)

@: wreathed by umbra, very quick, somewhat resistant to hostile enchantments,
extraordinarily stealthy
A: unfitting armour, see invisible, herbivore 3, speed 3, slow metabolism 2
a: Renounce Religion


You were on level 7 of the Dungeon.
You worshipped Dithmenos.
Dithmenos was aware of your devotion.
You were hungry.

You visited 2 branches of the dungeon, and saw 9 of its levels.

You collected 303 gold pieces.
You spent 30 gold pieces at shops.

Inventory:

Hand weapons
 a - a +2,+2 dagger (weapon)
 b - a +0 blowgun
Missiles
 e - 17 poisoned needles
 f - a curare-tipped needle
Armour
 d - a +0 cloak (worn)
 A - a +2 robe of the Archmagi (worn)
Magical devices
 q - a wand of slowing (6)
Comestibles
 l - 5 bread rations
 s - a pear
 z - a choko
 B - a lemon
 C - an apple
Scrolls
 i - a scroll of enchant weapon II
 j - a scroll of enchant armour {unknown}
 k - 4 scrolls of teleportation
 u - a scroll of magic mapping
 v - a scroll of amnesia
 w - a scroll of remove curse
 y - a scroll of enchant weapon I
Potions
 g - a potion of porridge
 h - a potion of resistance
 o - 2 potions of curing
 p - a potion of cure mutation {unknown}
 r - 2 potions of brilliance {unknown}
 t - a potion of restore abilities
Books
 c - a book of Dreams

   Spells                             Type                      Level
   *Ensorcelled Hibernation           Hexes/Ice                    2
   Flight                             Charms/Air                   3
   Phase Shift                        Translocation                5
   Shadow Creatures                   Summoning                    5
   Mass Confusion                     Hexes                        6
   Darkness                           Hexes                        7


   Skills:
 - Level 1.5 Fighting
 + Level 7.5 Short Blades
 - Level 2.1 Throwing
 + Level 9.3 Dodging
 * Level 11.8 Stealth
 - Level 1.7 Hexes


You had 5 spell levels left.
You knew the following spells:

 Your Spells              Type           Power        Failure   Level  Hunger
a - Ensorcelled Hibernat  Hex/Ice        #.....       38%         2    ###....


Dungeon Overview and Level Annotations

Branches:
Dungeon (8/15)             Temple (1/1) D:5
   Lair: D:8-11

Altars:
Ashenzari
Dithmenos
Fedhas
Kikubaaqudgha
Makhleb
Nemelex Xobeh
Okawaru
Sif Muna
Trog
Vehumet
Xom
Zin
The Shining One

Shops:
D:5 *%?=(

Annotations:
D:4 exclusion: 2 slaves, Pikel, Sigmund


Innate Abilities, Weirdness & Mutations

You are tiny and cannot use many weapons and most armour.
You have supernaturally acute eyesight.
You are a herbivore.
You cover ground extremely quickly.
You need consume almost no food.


Message History

Evoke which item? (* to show all) (? for menu, Esc to quit)
Zapping:
q - a wand of slowing {zapped: 9}
Press: ? - help, Shift-Dir - straight line, f/p - centaur
Aim: a centaur (moderately wounded, umbra)
The centaur resists with significant effort.
The centaur completely misses you.
Evoke which item? (* to show all) (? for menu, Esc to quit)
Zapping:
q - a wand of slowing {zapped: 10}
Press: ? - help, Shift-Dir - straight line, f/p - centaur
Aim: a centaur (moderately wounded, umbra)
The centaur resists with significant effort.
The centaur hits you. The centaur completely misses you.
The centaur wields an uncursed bow.
The centaur shoots an arrow of frost.
The arrow of frost misses you.
The centaur shoots an arrow of frost.
The arrow of frost misses you.
You see here 2 arrows of frost.
The centaur shoots an arrow of frost.
The arrow of frost misses you.
The centaur shoots an arrow of frost.
The arrow of frost hits you!
Ouch! That really hurt!
You die...

.................................
.................................
............c....................
............%......).............
.................................
.................................
.##.............(................
.#...............#.........#.#...
..........#.....@................
.............###.................
.........#..#.#...#........###.##
#..................#......###.###
...............#........).###.# #
................##.......###.####
.................##......# #.(.##
.................#...#...###.ยง)#
##............._..#.#.....##%%%#


You could see a centaur.

Vanquished Creatures
  A water moccasin (D:6)
  An orc warrior (D:6)
  A sky beast (D:7)
  A black bear (D:7)
  3 ogres
  An ice beast (D:6)
  A centaur (D:7)
  A water moccasin skeleton (D:4)
  2 scorpions
  2 goliath beetles
  5 crimson imps
  A centaur skeleton (D:7)
  4 orc priests
  3 hounds
  A jelly (D:5)
  4 worker ants
  An iguana (D:7)
  A two-headed ogre skeleton (D:7)
  An orc wizard (D:6)
  Ijyb (D:2)
  An ogre skeleton (D:6)
  A hound zombie (D:5)
  3 gnolls (D:6)
  5 adders
  2 giant mites
  An inept item mimic (D:4)
  An inept feature mimic (D:4)
  3 shadow imps
  3 giant eyeballs
  2 giant geckos
  An ooze (D:3)
  12 orcs
  2 ball pythons
  7 bats
  5 giant cockroaches
  12 hobgoblins
  5 kobolds
  6 quokkas
  A giant gecko skeleton (D:5)
  4 giant newts
  9 goblins
  A hobgoblin zombie (D:5)
  12 jackals
  An orc skeleton (D:7)
  8 rats
144 creatures vanquished.

Notes
Turn   | Place    | Note
--------------------------------------------------------------
     0 | D:1      | Sabsy, the Spriggan Assassin, began the quest for the Orb.
     0 | D:1      | Reached XP level 1. HP: 10/10 MP: 2/2
    81 | D:1      | Reached skill level 6 in Stealth
   334 | D:1      | Reached XP level 2. HP: 14/14 MP: 4/4
   797 | D:2      | Noticed Ijyb
  1191 | D:2      | Killed Ijyb
  1191 | D:2      | Reached XP level 3. HP: 15/18 MP: 6/6
  2087 | D:3      | Reached XP level 4. HP: 19/22 MP: 8/8
  2125 | D:3      | Reached skill level 7 in Stealth
  2790 | D:4      | Noticed Sigmund
  2936 | D:4      | Noticed Pikel
  2936 | D:4      | Noticed a slave
  2936 | D:4      | Noticed a slave
  2936 | D:4      | Noticed a slave
  2936 | D:4      | Noticed a slave
  3014 | D:4      | Reached XP level 5. HP: 25/25 MP: 10/10
  3029 | D:4      | Found an ancient bone altar of Kikubaaqudgha.
  3476 | D:4      | Paralysed by a giant eyeball for 3 turns
  3504 | D:4      | Noticed an ogre
  3542 | D:4      | Reached skill level 5 in Dodging
  3542 | D:4      | Reached skill level 8 in Stealth
  3865 | D:4      | Noticed an ogre
  3998 | D:4      | Reached XP level 6. HP: 30/30 MP: 12/12
  4133 | D:5      | Entered Level 5 of the Dungeon
  4197 | D:4      | Killed an ogre
  4316 | D:5      | Found Keoh's Food Emporium.
  4319 | D:5      | Found Brielofa's General Store.
  4354 | D:5      | Bought a potion of decay for 30 gold pieces
  4498 | D:5      | Reached skill level 5 in Short Blades
  4577 | D:5      | Reached XP level 7. HP: 15/33 MP: 14/14
  4707 | D:5      | Reached skill level 9 in Stealth
  4816 | D:5      | Found a staircase to the Ecumenical Temple.
  4820 | D:5      | Found Asunuhu's Antique Weapon Emporium.
  4842 | D:5      | Found Psoant's Jewellery Boutique.
  4844 | Temple   | Entered the Ecumenical Temple
  5058 | Temple   | Became a worshipper of Dithmenos
  5349 | D:5      | Found Baj Brai's Magic Scroll Shop.
  6644 | D:6      | Reached skill level 10 in Stealth
  6650 | D:6      | Learned a level 2 spell: Ensorcelled Hibernation
  6784 | D:6      | Reached XP level 8. HP: 34/37 MP: 16/16
  6863 | D:6      | Reached skill level 1 in Hexes
  7329 | D:6      | HP: 1/37 [orc priest/divine providence (9)]
  8430 | D:7      | Found a sparkling altar of Nemelex Xobeh.
  8589 | D:7      | Reached skill level 11 in Stealth
  8816 | D:7      | Noticed a two-headed ogre
  9077 | D:7      | Found a blossoming altar of Fedhas.
  9346 | D:7      | Shot with an arrow of frost by a centaur

Action                   |  1- 3 |  4- 6 |  7- 9 || total
-------------------------+-------+-------+-------++-------
Melee: Dagger            |   122 |   232 |   859 ||  1213
 Fire: Blowgun           |     1 |    12 |    18 ||    31
Evoke: Wand              |       |     2 |    11 ||    13
  Use: Potion            |     4 |     5 |     4 ||    13
       Scroll            |     1 |     7 |     7 ||    15
 Stab: Sleeping          |     8 |    11 |    13 ||    32
       Distracted        |       |       |     3 ||     3
